 Dungeon Crawl Stone Soup version 0.22.1-1-ga44c0e56f4 (webtiles) character file.

48 wiperr the Shield-Bearer (level 3, 0/33 HPs)
             Began as a Minotaur Fighter on Oct 8, 2018.
             Slain by a gnoll
             ... wielding a cursed -3 club
              (3 damage)
             ... on level 2 of the Dungeon.
             The game lasted 00:09:40 (1610 turns).

wiperr the Shield-Bearer (Minotaur Fighter)         Turns: 1610, Time: 00:09:40

Health: 0/33       AC:  7    Str: 21    XL:     3   Next: 50%
Magic:  2/2        EV:  7    Int:  5    God:
Gold:   52         SH:  9    Dex:  9    Spells: 2/2 levels left

rFire    . . .     SeeInvis .   a - +0 war axe
rCold    . . .     Gourm    .   c - +0 shield
rNeg     . . .     Faith    .   b - +0 scale mail
rPois    .         Spirit   .   (helmet restricted)
rElec    .         Reflect  .   (no cloak)
rCorr    .         Harm     .   (no gloves)
MR       .....                  (no boots)
Stlth    ..........             (no amulet)
HPRegen  0.11/turn              (no ring)
MPRegen  0.08/turn              (no ring)

@: no status effects
A: retaliatory headbutt, horns 2
a: no special abilities


You were on level 2 of the Dungeon.
You were not hungry.

You visited 1 branch of the dungeon, and saw 2 of its levels.

You collected 52 gold pieces.

Inventory:

Hand Weapons
 a - a +0 war axe (weapon)
 o - a +2 trident of venom
 q - a +0 dagger
Missiles
 p - 25 stones (quivered)
Armour
 b - a +0 scale mail (worn)
 c - a +0 shield (worn)
Scrolls
 e - a scroll of enchant weapon {unknown}
 h - a scroll of amnesia {unknown}
 i - a scroll of identify {unknown}
 r - a scroll of magic mapping {unknown}
Potions
 d - a potion of might
 g - a potion of brilliance {unknown}
 j - a potion of curing {unknown}
 k - a potion of degeneration {unknown}
 l - a potion of flight {unknown}
 m - a potion of cancellation {unknown}
Comestibles
 f - 4 rations
 n - 3 chunks of flesh


   Skills:
 + Level 4.1 Fighting
 + Level 3.4 Axes
 + Level 0.1 Throwing
 + Level 3.9 Armour
 + Level 4.2 Shields


You had 2 spell levels left.
You didn't know any spells.
Your spell library was empty.

Dungeon Overview and Level Annotations

Branches:
Dungeon (2/15)

Altars:


Innate Abilities, Weirdness & Mutations

You reflexively headbutt those who attack you in melee.
You have a pair of horns on your head.


Message History

The gnoll is heavily wounded.
The gnoll hits you from afar with a spear.
The gnoll hits you with a club.
The gnoll hits you from afar with a spear!
* * * LOW HITPOINT WARNING * * *
The gnoll barely misses you. You furiously retaliate!
You headbutt the gnoll. The gnoll barely misses you.
You block the gnoll's attack.
The gnoll hits you from afar with a spear.
* * * LOW HITPOINT WARNING * * *
The gnoll hits you with a club.
* * * LOW HITPOINT WARNING * * *
The gnoll closely misses you.
You hit the gnoll but do no damage.
The gnoll is severely wounded.
The gnoll hits you but does no damage. x2
You completely miss the gnoll.
The gnoll is severely wounded.
You block the gnoll's attack. x3; The gnoll hits you with a club.
You die...

#..........###.#.. ##...#†..
#...# #.....####......##
#†######..##......#.#...#
#.................#......
##.............<..........
##..............).......[..
#..#.......................
####g############.............
#...g# ##@............#...
#....# #.g#...............
#....# #####g#..######..#.....
#....###g..gg#.## ##..###....
#(.....g.#####.# #..## ##...
#....##### #..#####.## #...
#....# #####........# ...
#....# #.....######## ...
#....# #.....# ..


You could see 4 gnolls.

Vanquished Creatures
  A dart slug (D:1)
  3 leopard geckos
  7 giant cockroaches
  3 goblins
  5 hobgoblins
  3 jackals (D:2)
  5 bats
  2 frilled lizards (D:1)
  4 kobolds
  6 rats
  2 toadstools (D:1)
41 creatures vanquished.

Vanquished Creatures (others)
  2 toadstools (D:1)
2 creatures vanquished.

Grand Total: 43 creatures vanquished

Notes
Turn   | Place    | Note
-------+----------+-------------------------------------------
     0 | D:1      | wiperr the Minotaur Fighter began the quest for the Orb.
     0 | D:1      | Reached XP level 1. HP: 19/19 MP: 0/0
   361 | D:1      | Reached XP level 2. HP: 23/27 MP: 1/1
  1141 | D:1      | Reached XP level 3. HP: 33/33 MP: 2/2
  1610 | D:2      | Slain by a gnoll

Skill      XL: |  1  2 |
---------------+-------+-----
Shields        | 4 |  4.2
Fighting       | 4 |  4.1
Axes           | 3 |  3.4
Throwing       | |  0.1
Armour         | |  3.9

Action                   || total
-------------------------++-------
Melee: War axe           ||    83
       Headbutt          ||     7
Throw: Stone             ||     1
  Eat: Chunk             ||     2
Armor: Scale mail        ||    43
Dodge: Dodged            ||    33
Block: Shield            ||    62
